 Dungeon Crawl Stone Soup version 0.20.0-15-g7f486f2 (webtiles) character file.

60 George the Slasher (level 3, -1/29 HPs)
             Began as a Demonspawn Fighter on June 10, 2017.
             Killed from afar by an orc wizard (6 damage)
             ... with a magic dart
             ... on level 2 of the Dungeon.
             The game lasted 00:02:02 (1971 turns).

George the Slasher (Demonspawn Fighter)             Turns: 1971, Time: 00:02:04

Health: -1/29      AC:  8    Str: 17    XL:     3   Next: 82%
Magic:  3/3        EV:  4    Int:  9    God:
Gold:   77         SH:  8    Dex: 12    Spells: 2/2 levels left

rFire    . . .     SeeInvis +   a - +0 long sword
rCold    . . .     Gourm    .   c - +0 shield
rNeg     . . .     Faith    .   s - +0 chain mail
rPois    .         Spirit   .   (no helmet)
rElec    .         Reflect  .   (no cloak)
rCorr    .         Harm     .   (no gloves)
MR       .....                  (no boots)
Stlth    ..........             (no amulet)
Regen    0.1/turn               r - ring of see invisible
MPRegen  0.1/turn               (no ring)

@: no status effects
A: hooves 1
a: no special abilities


You were on level 2 of the Dungeon.
You were hungry.

You visited 1 branch of the dungeon, and saw 3 of its levels.

You collected 77 gold pieces.

Inventory:

Hand Weapons
 a - a +0 long sword (weapon)
Armour
 c - a +0 shield (worn)
 s - a +0 chain mail (worn)
Jewellery
 r - a ring of see invisible (left hand)
Scrolls
 e - a scroll of identify {unknown}
 g - 2 scrolls of remove curse {unknown}
 h - a scroll of magic mapping {unknown}
 k - a scroll of random uselessness {unknown}
 l - a scroll of amnesia {unknown}
 n - a scroll of teleportation {unknown}
 o - a scroll of immolation {unknown}
 p - a scroll of enchant weapon {unknown}
Potions
 d - a potion of might
 m - a potion of mutation {unknown}
 q - a potion of lignification {unknown}
Comestibles
 b - 2 chunks of flesh
 f - a bread ration
 i - a royal jelly
 j - 2 meat rations


   Skills:
 - Level 3.0 Fighting
 + Level 3.8 Long Blades
 - Level 2.6 Armour
 - Level 2.6 Shields


You had 2 spell levels left.
You didn't know any spells.

Dungeon Overview and Level Annotations

Branches:
Dungeon (3/15)

Altars:


Innate Abilities, Weirdness & Mutations

You have large cloven feet.


Message History

The orc wizard is heavily wounded.
You block the orc wizard's attack.
The orc wizard begins to cast a cantrip, but forgets the words!
You hit the orc wizard.
The orc wizard is severely wounded.
The orc wizard hits you but does no damage.
You block the orc wizard's attack.
You hit the orc wizard but do no damage.
You kick the orc wizard, but do no damage.
The orc wizard is severely wounded.
The orc wizard completely misses you.
The orc wizard gestures at you while chanting.
The magic dart hits you!
* * * LOW HITPOINT WARNING * * *
You closely miss the orc wizard.
The orc wizard is severely wounded.
You block the orc wizard's attack.
The orc wizard gestures at you while chanting.
The magic dart hits you!
You die...

.......#.......##.......#####.###
.##.##.#.##.##........### ##.##
.##.##.#.##.##..##.##.# #...#
.##.........##..##.##.# #...#
.....#.#.#####..##.##.## #...#
....................†..#####...##
####.##.###.#.#........#.........
#.......# #......................
#.##.##.###.#.##@...#..#.........
.....##.....#..o....#..###.#...#.
..#####.########.#.##..# #.......
..#####.# #.......# #.#...#.
........########......## #.#...#.
...............###.#### #....##.
.##.##.#######.###.# #.......
.##.##.# #.....# #.#####.
....##.# ####### #####.......


You could see an orc wizard.

Vanquished Creatures
  An adder (D:2)
  2 worms (D:2)
  2 dart slugs
  2 leopard geckos
  An orc (D:2)
  3 bats
  3 giant cockroaches (D:1)
  3 goblins (D:2)
  2 hobgoblins (D:1)
  5 jackals
  4 kobolds
  A quokka (D:2)
  3 ball pythons
  5 rats
37 creatures vanquished.

Notes
Turn   | Place    | Note
-------+----------+-------------------------------------------
     0 | D:1      | George the Demonspawn Fighter began the quest for the Orb.
     0 | D:1      | Reached XP level 1. HP: 18/18 MP: 1/1
   251 | D:1      | Gained mutation: You have large cloven feet. [demonic ancestry]
   251 | D:1      | Reached XP level 2. HP: 24/24 MP: 2/2
  1184 | D:2      | Reached XP level 3. HP: 28/29 MP: 3/3
  1971 | D:2      | Killed from afar by an orc wizard

Skill      XL: |  1  2 |
---------------+-------+-----
Long Blades    | 2 3 |  3.8
Fighting       | |  3.0
Armour         | |  2.6
Shields        | |  2.6

Action                   || total
-------------------------++-------
Melee: Long sword        ||   137
       Kick              ||    36
  Eat: Chunk             ||     3
Armor: Scale mail        ||    66
       Chain mail        ||    16
Dodge: Dodged            ||    28
Block: Shield            ||    80
       Rpst.: Long sword ||    10
